 Dungeon Crawl Stone Soup version 0.19.1-1-g22dce08 (webtiles) character file.

50 McKennaii the Magician (level 3, -6/21 HPs)
             Began as a High Elf Wizard on Jan 6, 2017.
             Killed from afar by an orc wizard (10 damage)
             ... with a puff of flame
             ... on level 3 of the Dungeon.
             The game lasted 00:07:20 (1604 turns).

McKennaii the Magician (High Elf Wizard)            Turns: 1604, Time: 00:07:20

Health: -6/21      AC:  2    Str:  6    XL:     3   Next: 55%
Magic:  7/10       EV: 13    Int: 23    God:
Gold:   159        SH:  0    Dex: 13    Spells: 5 memorised, 2 levels left

rFire  . . .     SeeInvis .     g - staff of conjuration
rCold  . . .     Gourm    .     a - +0 robe
rNeg   . . .     Faith    .     (no shield)
rPois  .         Spirit   .     b - +0 hat
rElec  .         Reflect  .     (no cloak)
rCorr  .         Harm     .     (no gloves)
MR     .....                    (no boots)
Stlth  ++........               (no amulet)
                                (no ring)
                                (no ring)

@: very slightly contaminated
A: no striking features
a: no special abilities


You were on level 3 of the Dungeon.
You were not hungry.

You visited 1 branch of the dungeon, and saw 3 of its levels.

You collected 159 gold pieces.

Inventory:

Armour
 a - a +0 robe (worn)
 b - a +0 hat (worn)
 q - a cursed +0 ring mail
Magical Staves
 g - an uncursed staff of conjuration (weapon)
Jewellery
 r - an uncursed ring of see invisible {unknown}
Scrolls
 e - 3 scrolls of amnesia {unknown}
 f - 3 scrolls of identify {unknown}
 i - a scroll of random uselessness {unknown}
 k - a scroll of magic mapping {unknown}
 l - a scroll of remove curse {unknown}
 m - 2 scrolls of blinking {unknown}
 s - a scroll of teleportation {unknown}
 t - a scroll of enchant weapon {unknown}
Potions
 h - 3 potions of curing {unknown}
 j - a potion of agility {unknown}
 o - a potion of berserk rage {unknown}
 p - 2 potions of brilliance {unknown}
Books
 c - a book of Minor Magic

   Spells                             Type                      Level
   a - Magic Dart                     Conjuration                  1
   b - Blink                          Translocation                2
   c - Call Imp                       Summoning                    2
   d - Repel Missiles                 Charms/Air                   2
   e - Slow                           Hexes                        2
   f - Conjure Flame                  Conjuration/Fire             3
   g - Mephitic Cloud                 Conjuration/Poison/Air       3
Comestibles
 d - 3 bread rations
 n - a meat ration


   Skills:
 + Level 2.5 Dodging
 + Level 2.1 Stealth
 + Level 4.9 Spellcasting
 + Level 1.7 Conjurations
 + Level 0.8 Summonings
 + Level 1.1 Translocations


You had 2 spell levels left.
You knew the following spells:

 Your Spells              Type           Power        Failure   Level  Hunger
a - Magic Dart            Conj           ###.         6%          1    None
b - Call Imp              Summ           #.......     12%         2    None
c - Blink                 Tloc           N/A          12%         2    None
d - Slow                  Hex            #.......     17%         2    None
e - Repel Missiles        Chrm/Air       #.....       17%         2    None


Dungeon Overview and Level Annotations

Branches:
Dungeon (3/15)

Altars:

Annotations:
D:3 Sigmund


Message History

Confirm with . or Enter, or press ? or * to list all spells.
A beastly little devil appears in a puff of flame.
Something hits your crimson imp but does no damage.
Casting: Call Imp
Confirm with . or Enter, or press ? or * to list all spells.
You miscast Call Imp.
You are very lightly contaminated with residual magic.
The world appears momentarily distorted.
An orc comes into view.
There is an open door here.
An orc wizard comes into view. It is wielding a dagger of pain.
Your crimson imp easily resists.
A puff of flame appears from out of thin air!
The puff of flame hits you!
* * * LOW HITPOINT WARNING * * *
The orc wizard casts a spell.
The orc wizard flickers and vanishes!
A puff of flame appears from out of thin air!
The puff of flame hits you!
You die...

### . #.. .... #.# ...#
....... #.# . ....# #
.........##.# ... ....#.#
.........##.###..... ....#.#
.........'..@.....#+#+#......
........##.####..#.#........
...{...o.5# #..#.#.#.#....
#.......# #..#..........
#.......####......#.#<...
#.......#!........#.#....
###'###.#....#..#.#.#.... #.#
#.######..#.#.#.... #.#
#...........#)#....


You could see an orc and a friendly crimson imp.

Vanquished Creatures
  An ooze (D:1)
  A worm (D:2)
  A dart slug (D:1)
  3 leopard geckos (D:1)
  An orc (D:3)
  8 bats
  5 giant cockroaches
  4 jackals (D:2)
  2 frilled lizards (D:1)
  2 goblins
  4 kobolds (D:1)
  4 rats
36 creatures vanquished.

Notes
Turn   | Place    | Note
-------+----------+-------------------------------------------
     0 | D:1      | McKennaii the High Elf Wizard began the quest for the Orb.
     0 | D:1      | Reached XP level 1. HP: 11/11 MP: 6/6
    88 | D:1      | Reached skill level 4 in Spellcasting
   250 | D:1      | Reached XP level 2. HP: 14/17 MP: 0/8
   278 | D:1      | Learned a level 2 spell: Call Imp
   281 | D:1      | Learned a level 2 spell: Blink
   284 | D:1      | Learned a level 2 spell: Slow
   288 | D:1      | Learned a level 2 spell: Repel Missiles
   579 | D:1      | Reached XP level 3. HP: 21/21 MP: 6/10
  1582 | D:3      | Noticed Sigmund
  1604 | D:3      | Killed from afar by an orc wizard

Skill      XL: |  1 |
---------------+----+-----
Spellcasting   | 4 |  4.9
Dodging        | |  2.5
Stealth        | |  2.1
Conjurations   | |  1.7
Summonings     | |  0.8
Translocations | |  1.1

Action                   || total
-------------------------++-------
Melee: Staff             ||    10
       Unarmed           ||     4
 Cast: Magic Dart        ||    83
       Call Imp          ||     3
  Eat: Beef jerky        ||     1
Armor: Robe              ||    11
Dodge: Dodged            ||    25
